General information
- name: BNet
- type: Ladder 1vs1/FFA
- host: Battle.net
- saver: ViolentVBC
map: TwistedMeadows
- players: 2
- length: 31:16
- speed: Fast
- version: 1.23 W3XP
- replay type: Public
» download(87 KB)
Players
team 1 (winner)
ViolentVBC (
purple | 98 APM | 3077 actions | 31:16)
10 Goblin Tinker
3 Pocket Factory
3 Engineering Upgrade
1 Robo-Goblin
3 Cluster Rockets
» actions
| Assign group hotkey | 7 | |
| Basic commands | 403 | |
| Build / train | 71 | |
| ESC pressed | 3 | |
| Enter build submenu | 57 | |
| Enter hero's abilities submenu | 10 | |
| Give item / drop item | 3 | |
| Right click | 702 | |
| Select / deselect | 258 | |
| Select group hotkey | 1346 | |
| Use ability | 217 | |
3077 total
» units
» upgrades
| Well Spring | 1 | |
| Ultravision | 1 | |
| Nature's Blessing | 1 | |
3 total
» buildings
| Moon Well | 44 | |
| Altar of Elders | 1 | |
| Ancient of Wonders | 9 | |
| Tree of Ages | 5 | |
| Hunter's Hall | 1 | |
| Tree of Eternity | 1 | |
| Tree of Life | 1 | |
62 total
» build order
00:19 Moon Well
00:46 Moon Well
01:00 Altar of Elders
01:15 Moon Well
01:49 Ancient of Wonders
02:14 Moon Well
02:19 Moon Well
02:55 Moon Well
03:14 Moon Well
03:39 Moon Well
04:06 Tree of Ages
04:06 Tree of Ages
04:06 Tree of Ages
04:36 Hunter's Hall
06:32 Moon Well
06:33 Moon Well
06:34 Moon Well
07:37 Moon Well
07:38 Moon Well
07:38 Moon Well
08:04 Ancient of Wonders
08:34 Moon Well
08:34 Moon Well
09:09 Moon Well
09:13 Moon Well
09:40 Ancient of Wonders
10:00 Ancient of Wonders
10:13 Moon Well
10:38 Moon Well
10:40 Moon Well
10:42 Moon Well
10:43 Moon Well
11:49 Tree of Eternity
11:55 Moon Well
11:57 Moon Well
13:56 Moon Well
14:36 Moon Well
14:36 Moon Well
15:42 Moon Well
15:43 Moon Well
15:47 Moon Well
15:47 Moon Well
16:47 Moon Well
16:49 Moon Well
16:50 Moon Well
16:50 Moon Well
17:39 Tree of Life
18:15 Moon Well
18:15 Moon Well
18:19 Moon Well
20:24 Moon Well
20:27 Moon Well
20:28 Moon Well
20:28 Moon Well
20:29 Moon Well
24:28 Ancient of Wonders
30:37 Ancient of Wonders
30:38 Ancient of Wonders
30:40 Ancient of Wonders
30:51 Ancient of Wonders
» items
| Staff of Teleportation | 1 | |
| Boots of Speed | 1 | |
| Lesser Clarity Potion | 3 | |
| Scroll of Town Portal | 1 | |
| Potion of Healing | 5 | |
| Orb of Venom | 1 | |
12 total
team 2 (loser)
MacPeonUtwic3 (
teal | 50 APM | 1566 actions | 31:14)
5 Far Seer
2 Feral Spirit
1 Far Sight
2 Chain Lighting
» actions
| Basic commands | 15 | |
| Build / train | 71 | |
| Enter build submenu | 30 | |
| Enter hero's abilities submenu | 6 | |
| Right click | 1039 | |
| Select / deselect | 338 | |
| Use ability | 67 | |
1566 total
» units
| Peon | 23 | |
| Grunt | 15 | |
| Troll Headhunter/Berserker | 3 | |
| Goblin Shredder | 1 | |
| Wind Rider | 2 | |
| Demolisher | 1 | |
| Raider | 6 | |
51 total
» upgrades
| Spiked Barricades | 3 | |
| Armor | 2 | |
| Berserker Strength | 1 | |
| Ranged Weapons | 1 | |
| Envenomed Spears | 1 | |
| Pillage | 1 | |
| Reinforced Defenses | 1 | |
| Melee Weapons | 1 | |
11 total
» buildings
| Altar of Storms | 2 | |
| Barracks | 1 | |
| Orc Burrow | 7 | |
| War Mill | 1 | |
| Watch Tower | 12 | |
| Stronghold | 1 | |
| Great Hall | 1 | |
| Fortress | 1 | |
| Beastiary | 4 | |
30 total
» build order
00:19 Altar of Storms
00:28 Barracks
00:33 Orc Burrow
01:54 Orc Burrow
02:16 Orc Burrow
02:48 War Mill
03:29 Orc Burrow
04:14 Watch Tower
05:36 Watch Tower
06:46 Watch Tower
08:48 Stronghold
11:50 Great Hall
11:54 Watch Tower
11:58 Watch Tower
12:57 Fortress
13:33 Watch Tower
13:37 Watch Tower
14:14 Beastiary
14:21 Beastiary
14:28 Beastiary
15:00 Watch Tower
15:42 Beastiary
17:35 Watch Tower
17:43 Watch Tower
18:17 Watch Tower
18:56 Watch Tower
23:44 Altar of Storms
25:31 Orc Burrow
30:17 Orc Burrow
30:22 Orc Burrow
Chat log
(17:29 / All) ViolentVBC: this is funtastic!
(21:44 / All) ViolentVBC: good gain
(26:45 / All) ViolentVBC: hmm no
(27:56 / All) ViolentVBC: good grain
(30:06 / All) ViolentVBC: ima get you
(31:10 / All) MacPeonUtwic3: ur a fag
(31:13 / All) ViolentVBC: lolz